 Dungeon Crawl Stone Soup version 0.26.0-16-gc1dbca0489 (webtiles) character file.

Game seed: 7669107124693824144

67136 Gauvater the Thaumaturge (level 15, -7/96 HPs)
             Began as an Octopode Fire Elementalist on Jan 21, 2021.
             Was an Initiate of Gozag.
             Shot with a bolt by a yaktaur captain (50 damage)
             ... on level 15 of the Dungeon.
             The game lasted 07:35:58 (38998 turns).

Gauvater the Thaumaturge (OpFE)                    Turns: 38998, Time: 07:35:59

Health: -7/96      AC:  3    Str: 16    XL:     15   Next: 22%
Magic:  29/40      EV: 26    Int: 28    God:    Gozag
Gold:   1132       SH:  5    Dex: 18    Spells: 8/39 levels left

rFire    + . .     SeeInvis +   u - staff of conjuration
rCold    . . .     Faith    .   W - +0 buckler "Isham" {+Blink}
rNeg     + . .     Spirit   .   T - +2 hat {Will+}
rPois    .         Reflect  .   B - amulet of magic regeneration
rElec    .         Harm     .   v - ring of the Hare {EV+8}
rCorr    .         Rampage  .   q - ring of the Crushed Teeth {rN+ Dex+4 Stlth+}
Will     ++...                  g - +6 ring of strength
Stlth    +++++++...             l - +6 ring of intelligence
HPRegen  0.26/turn              m - ring of wizardry
MPRegen  0.52/turn              L - ring of see invisible
                                z - ring of magical power
                                j - ring of protection from fire

@: gold aura
A: almost no armour, stealthy swim, amphibious, 8 rings, constrict 8, camouflage
1, clever 1, mutation resistance 1, gelatinous body 1
a: Renounce Religion, Evoke Blink, Potion Petition, Call Merchant, Bribe Branch


You were on level 15 of the Dungeon.
You worshipped Gozag.
Gozag was most pleased with you.
You visited 4 branches of the dungeon, and saw 20 of its levels.
You also visited: Bailey and Ice Cave.

You collected 7371 gold pieces.
You spent 1643 gold pieces at shops.
You paid 4596 gold pieces to Gozag.

Inventory:

Hand Weapons
 e - a +1 halberd of protection
 y - the +7 halberd of the New World {holy, *Corrode rN++ Will+ Dex+9}
   (You bought it in a shop on level 2 of the Orcish Mines)

   It has been blessed by the Shining One to cause great damage to the undead
   and demons.
   It affects your dexterity (+9).
   It greatly protects you from negative energy.
   It affects your willpower, your defense against some magical effects.
   It may corrode you when you take damage.
 J - a +1 glaive of flaming
 N - the +6 lajatang of Fyuwk {freeze, *Slow rC+ rN++}
   (You found it on level 2 of the Lair of Beasts)

   It has been specially enchanted to freeze those struck by it, causing extra
   injury to most foes and up to half again as much damage against particularly
   susceptible opponents.
   It can also slow down cold-blooded creatures.
   It protects you from cold.
   It greatly protects you from negative energy.
   It may slow you when you take damage.
 P - the +6 war axe of Perversion {vorpal, Int+6}
   (You found it on level 8 of the Dungeon)

   It inflicts extra damage upon your enemies.
   It affects your intelligence (+6).
 S - the +4 spear of Ewafycwas {venom, Str+3}
   (You found it on level 13 of the Dungeon)

   It poisons the flesh of those it strikes.
   It affects your strength (+3).
Missiles
 b - 76 poisoned darts
 c - 65 boomerangs (quivered)
 w - 2 throwing nets
 F - 9 silver boomerangs
Armour
 T - a +2 hat of willpower (worn)
 W - the +0 buckler "Isham" (worn) {+Blink}
   (You found it on level 13 of the Dungeon)

   It lets you blink.
Magical Staves
 u - an uncursed staff of conjuration (weapon)
 D - an uncursed staff of death
 K - an uncursed staff of poison
 U - an uncursed staff of fire
Jewellery
 g - a +6 ring of strength (on tentacle)
 j - a ring of protection from fire (on tentacle)
 k - an uncursed ring of stealth
 l - a +6 ring of intelligence (on tentacle)
 m - a ring of wizardry (on tentacle)
 p - a +6 ring of dexterity
 q - the ring of the Crushed Teeth (right tentacle) {rN+ Dex+4 Stlth+}
   (You found it in an ice cave)

   [ring of stealth]

   It affects your dexterity (+4).
   It protects you from negative energy.
   It makes you more stealthy.
 r - the ring of Xilahet {Ice Dex+4 Slay+2}
   (You bought it in a shop on level 1 of the Orcish Mines)

   [ring of ice]

   It enhances your ice magic.
   It affects your dexterity (+4).
   It affects your accuracy and damage with ranged weapons and melee attacks
   (+2).
   It makes you vulnerable to fire.
   It protects you from cold.
 v - the ring of the Hare (left tentacle) {EV+8}
   (You found it on level 5 of the Dungeon)

   [ring of evasion]

   It affects your evasion (+8).
 z - a ring of magical power (on tentacle)
 B - an amulet of magic regeneration (around mantle)
 E - an uncursed ring of ice
 L - a ring of see invisible (on tentacle)
 M - an uncursed ring of ice
Wands
 d - a wand of enslavement (8)
 h - a wand of digging (1)
 i - a wand of polymorph (18)
 s - a wand of paralysis (6)
 t - a wand of disintegration (33)
 G - a wand of acid (2)
 I - a wand of flame (75)
 R - a wand of iceblast (29)
Scrolls
 f - 6 scrolls of remove curse
 n - 2 scrolls of amnesia
 x - a scroll of fog
 H - 4 scrolls of teleportation
 O - a scroll of identify
Potions
 a - 2 potions of might
 o - 6 potions of magic
 C - 10 potions of curing
 V - 6 potions of ambrosia
 X - a potion of heal wounds
Miscellaneous
 A - a box of beasts


   Skills:
 + Level 6.9 Fighting
 - Level 0.8(4.4) Axes
 + Level 7.1(7.9) Polearms
 + Level 5.1(6.9) Staves
 - Level 4.5 Throwing
 + Level 6.7 Dodging
 - Level 10.7 Stealth
 * Level 3.8 Shields
 * Level 12.7 Spellcasting
 + Level 9.3 Conjurations
 + Level 0.3 Translocations
 + Level 9.5 Fire Magic
 + Level 3.8 Air Magic
 * Level 6.2 Poison Magic
 * Level 5.0 Evocations


You had 8 spell levels left.
You knew the following spells:

 Your Spells              Type           Power        Failure   Level
a - Foxfire               Conj/Fire      100%         1%          1
b - Conjure Flame         Conj/Fire      81%          1%          3
c - Fireball              Conj/Fire      40%          1%          5
d - Searing Ray           Conj           100%         1%          2
e - Sticky Flame          Conj/Fire      81%          1%          4
f - Mephitic Cloud        Conj/Pois/Air  69%          1%          3
g - Iskenderun's Mystic   Conj/Tloc      61%          1%          4
h - Starburst             Conj/Fire      40%          4%          6
i - Ignite Poison         Fire/Tmut/Pois 47%          1%          3

Your spell library contained the following spells:

 Spells                   Type           Power        Failure   Level
 Magic Dart               Conj           100%         1%          1
 Blink                    Tloc           N/A          1%          2
 Call Imp                 Summ           17%          1%          2
 Ensorcelled Hibernation  Hex/Ice        34%          1%          2
 Slow                     Hex            17%          1%          2
 Dazzling Flash           Conj/Hex       100%         1%          3
 Inner Flame              Hex/Fire       44%          1%          3
 Fulminant Prism          Conj/Hex       30%          1%          4
 Confusing Touch          Hex            17%          3%          3
 Gell's Gravitas          Tloc           9%           3%          3
 Petrify                  Tmut/Erth      17%          12%         4
 Silence                  Hex/Air        14%          16%         5
 Borgnjor's Vile Clutch   Necr/Erth      8%           32%         5
 Metabolic Englaciation   Hex/Ice        8%           32%         5
 Yara's Violent Unravell  Hex/Tmut       8%           32%         5
 Ignition                 Fire           31%          82%         8
 Shadow Creatures         Summ           N/A          86%         6


Dungeon Overview and Level Annotations

Branches:
Dungeon (15/15)            Temple (1/1) D:4            Lair (2/6) D:9
  Swamp (0/4) Lair:2          Orc (2/2) D:12         Vaults (0/5) D:13
 Bailey (visited)           IceCv (visited)
  Snake: Lair:2-4    Spider: Lair:2-4       Elf: Orc:2       Depths: D:15

Altars:
Ashenzari
Cheibriados
Dithmenos
Elyvilon
Fedhas
Gozag
Hepliaklqana
Kikubaaqudgha
Makhleb
Nemelex Xobeh
Okawaru
Qazlal
Ru
Sif Muna
Trog
Uskayaw
Vehumet
Wu Jian
Xom
Yredelemnul
Zin
The Shining One
Beogh

Shops:
D:5 }   D:6 (   D:9 (   Orc:1 *(}(   Orc:2 (

Annotations:
D:11 1 runed translucent door, 1 exclusion
D:12 Nessos
D:14 exclusions: obsidian statue and orange crystal statue
Lair:1 exclusions: yak and 1 more exclusion


Innate Abilities, Weirdness & Mutations

You cannot wear most types of armour.
You are very stealthy in the water. (Stealth+)
You are amphibious.
You can wear up to eight rings at the same time.
You can use your tentacles to constrict eight enemies at once.
Your skin changes colour to match your surroundings (Stealth+).
Your rubbery body absorbs attacks. (AC +1, EV +1)
Your mind is acute. (Int +2)
You are somewhat resistant to further mutation.


Message History

Press: ? - help, Shift-Dir - straight line, f/p - centaur warrior
Aim: a centaur warrior, wielding a +0 shortbow and quivering 13 arrows (moderately wounded, chance to affect: 43%)
Okay, then.
Unknown command.
The centaur warrior shoots an arrow.
You block the arrow.
You see here an arrow.
Casting: Fireball (dangerous; 1% risk of failure)
Confirm with . or Enter, or press ? or * to list all spells.
Okay, then.
The yaktaur captain wields a +1 arbalest of freezing.
It is covered in frost.
The yaktaur captain shoots a bolt.
The bolt hits you!! The bolt freezes you!
You see here a bolt.
Okay, then.
Okay, then.
The centaur warrior shoots an arrow.
The arrow completely misses you.
The yaktaur captain shoots a bolt.
The bolt hits you!!!
Ouch! That really hurt!
You die...
Your body crumbles into a pile of gold.

....................#
..............$..... .. ...
.c...c...$$c.......##..
.... .####.......##....#...
#...# ##.(..$....#....#...
#...####.(.....#...........
#..##....(..###...........
#..#.....(.####.........##
#........@## #........###.
##.......)###.....#..##...
#...............###.......
##..#............#.........
#
#..###...#####.............
### ##..##....#
##..........##
..####..###....#
##.l####...## ........#
#(..## #.. #....#
#.......###(..# #. ##....


You could see a yaktaur captain and a centaur warrior.

Vanquished Creatures
  An orc warlord (Orc:2)
  Harold (Orc:1)
  Josephine (D:14)
  Erolcha (D:11)
  2 ice dragons (IceCv)
  A vault guard (D:13)
  5 hydras
  A boulder beetle (Orc:1)
  A centaur warrior (D:13)
  2 two-headed ogres (D:12)
  Erica (D:11)
  An unseen horror (D:15)
  2 orc knights
  7 ugly things
  A manticore (D:14)
  A wolf spider zombie (D:14)
  3 deep elf magi
  3 cyclopes
  Maurice (D:12)
  4 centaur zombies
  2 ice statues (IceCv)
  3 cane toads (Lair:1)
  A gargoyle (D:13)
  2 kobold demonologists (D:12)
  A freezing wraith (D:14)
  2 rime drakes (IceCv)
  A komodo dragon (D:15)
  A tengu conjurer (D:15)
  A yaktaur (D:13)
  3 trolls
  A hornet (D:12)
  A queen bee (Lair:2)
  Sigmund (D:4)
  2 shadows (D:11)
  A water elemental (D:14)
  A vampire (D:13)
  6 wyverns
  12 wraiths
  5 basilisks
  15 fire bats (D:11)
  37 yaks
  2 steam dragons
  4 vampire mosquitoes (D:14)
  4 wargs
  10 water moccasins
  A soldier ant (D:14)
  5 sky beasts
  16 ice beasts
  A swamp drake (D:9)
  19 orc warriors
  4 black bears
  A meliai simulacrum (D:15)
  3 phantoms
  5 ogres
  5 boggarts (D:15)
  13 centaurs
  Blork the orc (D:4)
  4 big kobolds
  16 bullfrogs
  2 wyvern zombies
  2 wyvern skeletons
  5 scorpions
  2 water moccasin skeletons
  32 killer bees
  7 wights
  2 electric eels (D:7)
  5 howler monkeys
  A crimson imp (D:9)
  3 jellies
  9 orc priests
  2 bullfrog skeletons
  A bullfrog zombie (D:7)
  6 centaur skeletons
  6 hounds
  An iron imp (D:9)
  30 orc wizards
  Jessica (D:3)
  Ijyb (D:4)
  4 iguanas
  9 worker ants
  25 gnolls
  A howler monkey skeleton (D:6)
  14 adders
  A river rat (D:14)
  2 shadow imps
  A white imp (D:10)
  2 ufetubi
  2 oozes
  2 adder skeletons
  An adder zombie (D:6)
  A worm (D:8)
  4 dart slugs
  6 leopard geckos
  78 orcs
  A ball python (D:1)
  4 giant cockroaches
  22 hobgoblins
  14 jackals
  30 kobolds
  7 quokkas
  56 bats
  5 frilled lizards
  7 goblins
  A jackal zombie (D:5)
  A quokka zombie (D:6)
  11 rats
683 creatures vanquished.

Vanquished Creatures (collateral kills)
  A killer bee (Lair:2)
  3 foxfires (Lair:1)
4 creatures vanquished.

Vanquished Creatures (others)
  A killer bee (Lair:2)
  A white imp (D:9)
  2 bushes (D:9)
  1739 foxfires
  7 fungi
  42 plants
1792 creatures vanquished.

Grand Total: 2479 creatures vanquished

Notes
Turn   | Place    | Note
-------+----------+-------------------------------------------
     0 | D:1      | Gauvater the Octopode Fire Elementalist began the quest for
                  | the Orb.
     0 | D:1      | Reached XP level 1. HP: 11/11 MP: 3/3
   435 | D:1      | Reached XP level 2. HP: 17/17 MP: 3/5
   991 | D:1      | Reached XP level 3. HP: 20/21 MP: 4/6
  1460 | D:2      | Found an iron altar of Okawaru.
  1651 | D:2      | Reached XP level 4. HP: 15/27 MP: 4/7
  2519 | D:2      | Found a faded altar of an unknown god.
  2634 | D:2      | Found a glowing golden altar of the Shining One.
  2720 | D:3      | Reached skill level 5 in Stealth
  2932 | D:3      | Reached XP level 5. HP: 27/32 MP: 8/8
  2938 | D:3      | Reached skill level 1 in Polearms
  3379 | D:3      | HP: 1/32 [poisoned by an adder]
  3436 | D:3      | Noticed Jessica
  3834 | D:2      | Reached skill level 1 in Fighting
  4102 | D:2      | Reached XP level 6. HP: 22/38 MP: 5/9
  4603 | D:2      | Found a blossoming altar of Fedhas.
  5289 | D:4      | Noticed Sigmund
  5326 | D:4      | Killed Sigmund
  5409 | D:4      | Found a staircase to the Ecumenical Temple.
  5415 | Temple   | Entered the Ecumenical Temple
  5469 | Temple   | Became a worshipper of Gozag Ym Sagoz the Greedy
  5549 | D:3      | Reached XP level 7. HP: 24/43 MP: 9/11
  5809 | D:4      | Noticed Blork the orc
  5838 | D:4      | Killed Blork the orc
  6179 | D:4      | Noticed Ijyb
  6519 | D:5      | Entered Level 5 of the Dungeon
  6954 | D:5      | Found Awuatassoh's Gadget Shoppe.
  7041 | D:5      | Learned a level 3 spell: Conjure Flame
  7257 | D:5      | Found the ring of the Hare {EV+8}
  7297 | D:5      | Reached skill level 3 in Spellcasting
  7297 | D:5      | Reached XP level 8. HP: 45/50 MP: 10/12
  8187 | D:6      | Found Owolygha's Weapon Shoppe.
  8333 | D:5      | Reached skill level 5 in Polearms
  9520 | D:6      | Reached skill level 1 in Throwing
  9543 | D:6      | Reached XP level 9. HP: 39/56 MP: 12/14
 10924 | D:7      | Reached skill level 4 in Spellcasting
 11342 | D:7      | Gained mutation: Your mind is acute. (Int +2) [potion of
                  | mutation]
 11342 | D:7      | Gained mutation: You are somewhat resistant to further
                  | mutation. [potion of mutation]
 12432 | D:7      | Found a broken altar of Ashenzari.
 13205 | D:8      | Got a faintly glowing war axe
 13701 | D:8      | Reached skill level 5 in Spellcasting
 14280 | D:8      | Found a snail-covered altar of Cheibriados.
 14511 | D:9      | Reached skill level 5 in Fire Magic
 14511 | D:9      | Reached XP level 10. HP: 63/63 MP: 17/17
 14620 | D:9      | Found a flagged portal.
 14645 | Bailey   | Entered a bailey
 14955 | Bailey   | Noticed an orc knight
 14970 | Bailey   | Killed an orc knight
 14971 | Bailey   | Reached skill level 6 in Spellcasting
 15004 | Bailey   | Learned a level 5 spell: Fireball
 15768 | D:9      | HP: 2/63 [something/puff of flame (18)]
 16540 | D:10     | Entered Level 10 of the Dungeon
 16567 | D:10     | Learned a level 2 spell: Searing Ray
 16749 | D:10     | Reached skill level 5 in Conjurations
 16916 | D:10     | Noticed a five-headed hydra
 17058 | D:9      | Noticed a deep elf mage
 17068 | D:9      | Killed a deep elf mage
 17069 | D:9      | Reached skill level 7 in Spellcasting
 17572 | D:9      | Found a staircase to the Lair.
 17648 | D:9      | Reached XP level 11. HP: 55/68 MP: 19/22
 17820 | D:8      | Reached skill level 8 in Spellcasting
 18506 | D:9      | Noticed a deep elf mage
 18514 | D:9      | Killed a deep elf mage
 18716 | D:9      | Got a bloodstained hat
 18727 | D:9      | Identified the +0 hat "Cimuacvaimi" {rF+ Will+ Str-4} (You
                  | found it on level 9 of the Dungeon)
 18780 | D:9      | Learned a level 4 spell: Sticky Flame
 19429 | D:11     | Noticed Erolcha
 19518 | D:11     | Noticed Erica
 19533 | D:11     | Killed Erica
 19725 | D:11     | Reached skill level 9 in Spellcasting
 19794 | D:10     | Killed a six-headed hydra
 20142 | D:11     | Killed Erolcha
 20498 | D:11     | Noticed a cyclops
 20518 | D:11     | Killed a cyclops
 20592 | D:11     | Learned a level 3 spell: Mephitic Cloud
 20599 | D:11     | Reached skill level 5 in Fighting
 20813 | D:11     | Reached XP level 12. HP: 77/77 MP: 25/25
 21016 | D:11     | Found a sparkling altar of Nemelex Xobeh.
 21283 | D:11     | Found a runed translucent door.
 21287 | D:11     | Found a hazy altar of Hepliaklqana.
 21304 | D:11     | Reached skill level 10 in Spellcasting
 21324 | D:11     | Found a sacrificial altar of Ru.
 21610 | D:11     | Found an opulent altar of Gozag.
 21898 | D:11     | Found a snail-covered altar of Cheibriados.
 21982 | D:11     | Found a snail-covered altar of Cheibriados.
 22807 | D:12     | Noticed a two-headed ogre
 22821 | D:12     | Killed a two-headed ogre
 22822 | D:12     | Reached skill level 1 in Poison Magic
 23525 | D:12     | Noticed Nessos
 23936 | Lair:1   | Entered Level 1 of the Lair of Beasts
 24179 | D:9      | HP: 2/79 [yak (3)]
 25467 | Lair:2   | Reached skill level 5 in Dodging
 25467 | Lair:2   | Reached skill level 11 in Spellcasting
 25467 | Lair:2   | Reached XP level 13. HP: 84/84 MP: 26/28
 25472 | Lair:2   | Got a fine lajatang
 25473 | Lair:2   | Identified the +6 lajatang of Fyuwk {freeze, *Slow rC+
                  | rN++} (You found it on level 2 of the Lair of Beasts)
 25942 | Lair:2   | Reached skill level 1 in Evocations
 26376 | Lair:2   | Reached skill level 5 in Poison Magic
 26443 | Lair:2   | Found a staircase to the Swamp.
 26814 | Lair:1   | Reached skill level 1 in Staves
 27613 | D:4      | Killed Ijyb
 27657 | D:3      | Killed Jessica
 27894 | D:6      | Reached XP level 14. HP: 70/90 MP: 29/29
 28641 | D:12     | Noticed Maurice
 28883 | D:11     | Learned a level 4 spell: Iskenderun's Mystic Blast
 28894 | D:11     | Identified the +6 war axe of Perversion {vorpal, Int+6}
                  | (You found it on level 8 of the Dungeon)
 28988 | D:12     | Killed Maurice
 29649 | D:12     | Found a staircase to the Orcish Mines.
 29705 | Orc:1    | Entered Level 1 of the Orcish Mines
 29719 | Orc:1    | Found Contammo's Assorted Antiques.
 29739 | Orc:1    | Bought a fine steel ring for 195 gold pieces
 29739 | Orc:1    | Bought a scroll of identify for 78 gold pieces
 29739 | Orc:1    | Bought a scroll of identify for 78 gold pieces
 29739 | Orc:1    | Identified the ring of Xilahet {Ice Dex+4 Slay+2} (You
                  | bought it in a shop on level 1 of the Orcish Mines)
 30024 | Orc:1    | Found Bifipreo's Antique Weapon Boutique.
 30114 | Orc:1    | Found Amoguh's Gadget Shoppe.
 30127 | Orc:1    | Noticed Harold
 30144 | Orc:1    | Found Viveirux's Antique Weapon Shop.
 30544 | Orc:1    | Killed Harold
 30545 | Orc:1    | Reached skill level 12 in Spellcasting
 30761 | Orc:1    | Found a roughly hewn altar of Beogh.
 30795 | Orc:2    | Entered Level 2 of the Orcish Mines
 30806 | Orc:2    | Found a roughly hewn altar of Beogh.
 30894 | Orc:2    | Noticed an orc warlord
 31035 | Orc:1    | Bought a sapphire potion for 35 gold pieces
 31068 | Orc:2    | Killed an orc warlord
 31195 | Orc:2    | Found a roughly hewn altar of Beogh.
 31283 | Orc:2    | Found a roughly hewn altar of Beogh.
 31530 | Orc:2    | Found a roughly hewn altar of Beogh.
 31531 | Orc:2    | Found Furaphed's Weapon Shop.
 31688 | Orc:2    | Bought the +7 halberd of the New World {holy, *Corrode rN++
                  | Will+ Dex+9} for 1257 gold pieces
 31886 | D:13     | Got a steaming spear
 31887 | D:13     | Identified the +4 spear of Ewafycwas {venom, Str+3} (You
                  | found it on level 13 of the Dungeon)
 32284 | D:12     | Reached skill level 10 in Stealth
 33569 | D:13     | Got a bloodstained buckler
 33579 | D:13     | Identified the cursed +0 buckler "Isham" {+Blink} (You
                  | found it on level 13 of the Dungeon)
 33748 | D:13     | Found a gate to the Vaults.
 33767 | D:13     | Reached skill level 1 in Shields
 33849 | D:13     | Learned a level 6 spell: Starburst
 33853 | D:13     | Learned a level 3 spell: Ignite Poison
 34464 | D:14     | Noticed Josephine
 34474 | D:14     | Killed Josephine
 36447 | D:15     | Entered Level 15 of the Dungeon
 36551 | D:15     | Found a frozen archway.
 36619 | IceCv    | Entered an ice cave
 36624 | IceCv    | Reached XP level 15. HP: 72/96 MP: 31/31
 37400 | IceCv    | Reached skill level 5 in Staves
 37410 | IceCv    | Got a flickering glass ring
 37412 | IceCv    | Identified the ring of the Crushed Teeth {rN+ Dex+4 Stlth+}
                  | (You found it in an ice cave)
 38579 | D:15     | Found a hazy altar of Hepliaklqana.
 38992 | D:15     | Reached skill level 5 in Evocations
 38998 | D:15     | Shot with a bolt by a yaktaur captain

Illustrated notes

Levels and vault maps discovered:
D:1:      lordsloth_arrival_two_stooges, layout_loops_ring,
          chequers_serial_rivers_micro_e, minmay_tromino_v7
D:2:      layout_basic, okawaru_trees_2, nicolae_tso_carved_into_rock,
          chequers_ecumenical_altar_grove, minmay_splitting_lines,
          fedhas_altar_4
D:3:      layout_loops_cross, uniq_jessica
D:4:      layout_gridville, minmay_temple_entry_waves, uniq_blork_the_orc,
          uniq_ijyb, uniq_sigmund
D:5:      layout_basic, serial_shops, shop_statue, amcnicky_mini_pool_small,
          palyth_stone_intersect, hex_tiny, grunt_decor_mini_mirrors
D:6:      layout_loops_ring, serial_shops, shop_statue
D:7:      layout_cave_pods, ashenzari_altar_1, minivault_22, serial_bayou_ford_a
D:8:      layout_basic, cheibrodos_worm_habitat
D:9:      layout_grid_maze, minmay_lair_entry_grove, enter_bailey_7,
          serial_bayou_pond_b, hangedman_minor_magic
D:10:     layout_long_grid, minmay_liquid_box
D:11:     due_megacathedral, layout_irregular_city, uniq_erica, uniq_erolcha
D:12:     layout_layer_cave, david_orc_1_choice, uniq_nessos, uniq_maurice
D:13:     layout_roguey, david_vaults_5
D:14:     layout_basic, chequers_big_river, st_stairs_8, minmay_more_statues,
          uniq_josephine
D:15:     grunt_enter_depths_snipers, layout_layer_cave,
          portal_ice_cave_entry_pillars_1, kennysheep_flooded_box
Temple:   compressed_dpeg_circular_temple
Lair:1:   layout_chaotic_city, minivault_25
Lair:2:   layout_roguey [special_room_bee], minmay_swamp_entry_reptiles,
          beast_lair_carwin_4, grunt_megastairs_4, uniq_nergalle
Orc:1:    layout_caves, serial_shops, nicolae_shop_overgrown_old_shop, shop,
          nicolae_shop_waterfront, nicolae_shop_stone, basic_altar, rock_pile,
          uniq_harold
Orc:2:    grunt_orc_community_town_hall, layout_caves,
          grunt_orc_community_big_house_1, grunt_orc_community_big_house_1,
          grunt_orc_community_house_1, grunt_orc_community_house_1,
          grunt_orc_community_house_2, grunt_orc_community_house_2, basic_altar

Skill      XL: |  1  2  3  4  5  6  7  8  9 10 11 12 13 14 15 |
---------------+----------------------------------------------+-----
Stealth        | 3 4 5 6 7 8 9 10 | 10.7
Polearms       | 2 3 4 5 6 7 |  7.1
Fighting       | 1 2 3 5 6 |  6.9
Dodging        | 3 4 5 6 |  6.7
Conjurations   | 2 3 5 7 8 9 |  9.3
Spellcasting   | 3 5 7 9 11 12 | 12.7
Fire Magic     | 4 5 6 8 9 |  9.5
Throwing       | 1 2 3 4 |  4.5
Poison Magic   | 4 5 6 |  6.2
Air Magic      | 3 |  3.8
Evocations     | 1 4 5 |  5.0
Staves         | 1 4 5 |  5.1
Shields        | 3 |  3.8
Axes           | |  0.8
Translocations | |  0.3

Action                   |  1- 3 |  4- 6 |  7- 9 | 10-12 | 13-15 || total
-------------------------+-------+-------+-------+-------+-------++-------
Melee: Unarmed           |     9 |       |       |       |       ||     9
       Constrict         |    18 |    30 |    57 |    51 |    57 ||   213
       Tentacles         |     8 |    17 |    31 |    54 |    97 ||   207
       Spear             |    42 |    86 |     4 |       |    28 ||   160
       Glaive            |       |     4 |       |       |    14 ||    18
       Halberd           |       |    25 |   251 |   291 |    14 ||   581
       Dagger            |       |       |     2 |    26 |     5 ||    33
       Mace              |       |       |       |    17 |       ||    17
       Staff             |       |       |       |     2 |   239 ||   241
       War axe           |       |       |       |       |   119 ||   119
Throw: Stone             |       |     3 |    62 |     5 |       ||    70
       Dart              |       |       |    19 |    35 |     3 ||    57
       Boomerang         |       |       |    23 |   142 |   119 ||   284
 Cast: Foxfire           |    21 |    43 |   157 |   485 |   289 ||   995
       Conjure Flame     |       |       |     1 |    13 |     7 ||    21
       Fireball          |       |       |       |     5 |    81 ||    86
       Searing Ray       |       |       |       |     6 |     6 ||    12
       Mephitic Cloud    |       |       |       |     2 |    44 ||    46
       Iskenderun's Myst |       |       |       |       |    14 ||    14
       Sticky Flame      |       |       |       |       |     2 ||     2
Invok: Potion Petition   |       |       |       |     5 |     3 ||     8
       Call Merchant     |       |       |       |     1 |       ||     1
 Abil: Evoke Blink       |       |       |       |       |     3 ||     3
Evoke: Wand              |       |       |     5 |       |    10 ||    15
  Use: Scroll            |       |     2 |    11 |    12 |    15 ||    40
       Potion            |       |     1 |     2 |     7 |    12 ||    22
 Stab: Sleeping          |    10 |    12 |    26 |     5 |    12 ||    65
       Distracted        |     1 |       |     1 |     2 |     5 ||     9
       Paralysed         |       |       |     4 |       |       ||     4
       Invisible         |       |       |       |     1 |     2 ||     3
       Confused          |       |       |       |       |    17 ||    17
Armor: Skin              |     7 |    11 |    33 |    54 |    75 ||   180
Dodge: Dodged            |    31 |   113 |   263 |   724 |   732 ||  1863
Block: Buckler           |       |       |       |       |    55 ||    55
